 Dungeon Crawl Stone Soup version 0.27.1-4-g1640c2035a (webtiles) character file.

Game seed: 4161084290774108955

47070 Tinkle the Severer (level 14, -25/125 HPs)
             Began as a Minotaur Berserker on Nov 4, 2021.
             Was a High Priest of Trog.
             Killed from afar by a lindwurm (40 damage)
             ... with a blast of flame
             ... on level 6 of the Lair of Beasts.
             The game lasted 01:17:33 (22730 turns).

Tinkle the Severer (Minotaur Berserker)            Turns: 22730, Time: 01:17:33

Health: -25/125    AC: 16    Str: 26    XL:     14   Next: 7%
Magic:  13/13      EV:  6    Int:  4    God:    Trog [*****.]
Gold:   1226       SH: 28    Dex: 11    Spells: 13/13 levels left

rFire    x . .     SeeInvis .   a - +2 broad axe (spect)
rCold    + . .     Faith    .   D - +3 tower shield
rNeg     . . .     Spirit   .   i - +0 plate armour
rPois    +         Reflect  +   (helmet restricted)
rElec    .         Harm     .   d - +2 cloak
rCorr    .         Rampage  .   F - +0 pair of gloves
Will     +....                  (no boots)
Stlth    ..........             y - amulet of reflection
HPRegen  0.30/turn              r - ring of poison resistance
MPRegen  0.13/turn              J - ring of ice

@: very slow
A: horns 2, retaliatory headbutt
a: Renounce Religion, Berserk, Trog's Hand, Brothers in Arms


You were on level 6 of the Lair of Beasts.
You worshipped Trog.
Trog was extremely pleased with you.
You visited 2 branches of the dungeon, and saw 17 of its levels.

You collected 1226 gold pieces.

Inventory:

Hand Weapons
 a - a +2 spectral broad axe (weapon)
 b - a +1 vorpal war axe
 t - a +2 hand axe of flaming
Missiles
 s - 55 poisoned darts (quivered)
 A - 5 curare-tipped darts
 H - 7 atropa-tipped darts
 I - 3 throwing nets
 T - 3 silver boomerangs
Armour
 d - a +2 cloak (worn)
 i - a +0 plate armour (worn)
 D - a +3 tower shield (worn)
 F - a +0 pair of gloves (worn)
 Q - a scarf of invisibility
Jewellery
 l - an amulet of regeneration
 o - an amulet of the acrobat
 p - a ring of resist corrosion
 r - a ring of poison resistance (left hand)
 w - a ring of see invisible
 y - an amulet of reflection (around neck)
 z - the ring "Gaxauzue" {rC+ rN+ rCorr Dex-4 Slay+4}
   (You found it on level 6 of the Lair of Beasts)

   [ring of slaying]

   Dex:       It affects your dexterity (-4).
   Slay:      It affects your accuracy & damage with ranged weapons and melee
   (+4).
   rC:        It protects you from cold.
   rN:        It protects you from negative energy.
   rCorr:     It protects you from acid and corrosion.
 J - a ring of ice (right hand)
 S - a +6 ring of dexterity
Wands
 n - a wand of mindburst (56)
 B - a wand of charming (27)
 G - a wand of polymorph (39)
 K - a wand of paralysis (2)
 L - a wand of digging (4)
 M - a wand of acid (32)
 R - a wand of flame (19)
Scrolls
 c - 9 scrolls of teleportation
 k - a scroll of fog
 q - a scroll of brand weapon
 v - 3 scrolls of magic mapping
Potions
 e - 2 potions of flight
 f - 2 potions of ambrosia
 g - 4 potions of lignification
 j - 10 potions of curing
 m - 5 potions of haste
 u - 2 potions of mutation
 x - 2 potions of might
 C - 4 potions of heal wounds
 O - 5 potions of cancellation
 P - a potion of brilliance {unknown}
Miscellaneous
 h - a condenser vane
 E - a lightning rod (4/4)
 N - a phantom mirror


   Skills:
 + Level 11.8 Fighting
 - Level 18.0 Axes
 - Level 5.0 Armour
 - Level 5.0 Dodging
 + Level 14.5 Shields
 + Level 8.5 Evocations


You had 13 spell levels left.
You didn't know any spells.
Your spell library was empty.

Dungeon Overview and Level Annotations

Branches:
Dungeon (11/15)            Temple (0/1) D:7            Lair (6/6) D:9
 Shoals (0/4) Lair:4        Snake (0/4) Lair:2          Orc (0/2) D:10
  Slime: Lair:5-6

Altars:
Ashenzari
Gozag
Kikubaaqudgha
Trog
Wu Jian
Yredelemnul

Annotations:
D:6 2 runed translucent doors, Urokeeper's ghost, novice HOFi


Innate Abilities, Weirdness & Mutations

You have a pair of horns on your head.
You reflexively headbutt those who attack you in melee.


Message History

You block the lindwurm's attack.
The lindwurm claws you but does no damage.
You block the lindwurm's attack.
Your shield prevents you from hitting the lindwurm.
You are engulfed in a cloud of scalding steam.
You block the lindwurm's attack.
The lindwurm claws you but does no damage. x2
You hit the lindwurm. You headbutt the lindwurm.
The lindwurm is lightly wounded.
The lindwurm completely misses you. You furiously retaliate!
You headbutt the lindwurm. You block the lindwurm's attack. x2
Your shield and plate armour prevent you from hitting the lindwurm.
The lindwurm is moderately wounded.
The lindwurm breathes flames at you. The blast of flame misses you.
Unknown command.
You completely miss the lindwurm.
The lindwurm is moderately wounded.
You are engulfed in a cloud of scalding steam.
You block the lindwurm's attack.
The lindwurm claws you but does no damage.
You block the lindwurm's attack.
You closely miss the lindwurm. You headbutt the lindwurm.
The lindwurm is moderately wounded.
You are engulfed in a cloud of scalding steam.
You block the lindwurm's attack. x2; The lindwurm claws you.
Your unstable footing causes you to fumble your attack.
You are engulfed in a cloud of scalding steam.
The lindwurm breathes flames at you. The blast of flame hits you!!!
The fire burns you terribly!
* * * LOW HITPOINT WARNING * * *
You hit the lindwurm.
The lindwurm is heavily wounded.
You block the lindwurm's attack. x3
Unknown command.
Your unstable footing causes you to fumble your attack.
Your unstable footing causes you to fumble your attack.
The lindwurm breathes flames at you. The blast of flame hits you!!!
The fire burns you terribly!
You die...

##. ≈≈≈#≈ #≈≈##≈≈≈# ##.≈≈≈≈.≈
##...≈≈≈≈ .
####....##†################ .###
##.#....≈#≈≈#≈≈≈#⌠≈.≈≈≈≈≈.⌠#
....##...##..≈≈≈††≈#≈#≈≈≈≈≈≈.≈≈≈#
..............≈≈§≈≈.≈#≈≈≈≈≈≈≈≈≈≈#
.......[.....≈##@#≈≈≈#≈8######P≈#
.............≈##k#≈≈≈≈≈≈#≈)≈(.≈≈#
......<......≈≈≈≈≈≈8≈≈≈†'≈≈≈≈†.P#
..............≈≈≈≈P.≈≈≈≈'≈≈≈)#≈≈#
.............≈#≈≈#≈≈≈≈≈≈#≈≈≈≈#≈≈#
............#≈##≈#≈#≈#≈8#≈####≈≈#
(#....#.#####.≈≈≈#≈÷≈#≈≈≈≈≈≈≈≈≈≈#
....#....# #≈≈≈.≈≈#≈#≈≈≈≈P≈≈≈≈≈#
.(.#.....# ##≈#≈.#≈≈8#⌠≈≈≈≈P≈≈P⌠#


You could see a lindwurm (catching breath).

Vanquished Creatures
  Harold (D:9)
  4 hydras
  3 two-headed ogres
  Erica (D:9)
  A centaur warrior (D:9)
  A merfolk avatar (Lair:6)
  4 death yaks (Lair:6)
  2 sea snakes (Lair:6)
  A harpy (Lair:6)
  2 manticores (Lair:6)
  An ugly thing (D:10)
  13 elephants
  A merfolk siren (Lair:4)
  Maurice (D:9)
  2 black mambas
  2 torpor snails
  14 cane toads
  2 unseen horrors
  4 rime drakes
  7 komodo dragons
  A troll (D:10)
  2 polar bears
  4 hornets
  2 wind drakes (Lair:6)
  4 dream sheep (Lair:5)
  20 blink frogs
  A snapping turtle (Lair:6)
  A shadow (D:9)
  26 yaks
  8 wyverns
  2 basilisks
  4 steam dragons
  A vampire mosquito (D:9)
  16 water moccasins
  A hornet zombie (D:6)
  6 orc warriors
  A sky beast (D:8)
  A swamp drake (D:10)
  A black bear (Lair:2)
  3 ice beasts
  2 necrophages (D:4)
  3 ogres
  6 wolves (Lair:1)
  7 centaurs
  14 bullfrogs
  4 kobold brigands
  A gnoll sergeant (D:8)
  5 scorpions
  2 water moccasin zombies
  2 wyvern skeletons
  5 killer bees
  4 howler monkeys
  6 electric eels
  A bullfrog zombie (D:6)
  3 centaur zombies
  5 orc priests
  2 gnoll shamans
  Crazy Yiuf (D:2)
  A bullfrog skeleton (D:5)
  A centaur skeleton (D:6)
  2 hounds
  2 jellies
  Terence (D:2)
  15 orc wizards
  3 iguanas
  13 hell rats
  2 killer bee zombies
  A hound skeleton (D:4)
  2 howler monkey zombies
  A howler monkey skeleton (D:6)
  14 gnolls
  6 adders
  4 river rats (Lair:6)
  3 white imps
  2 dart slugs
  41 orcs
  6 ball pythons
  10 endoplasms
  2 giant cockroaches (D:1)
  7 goblins
  4 hobgoblins
  4 jackals (D:1)
  5 quokkas
  4 bats
  4 frilled lizards
  17 kobolds
  11 rats
  A plant (Lair:1)
434 creatures vanquished.

Vanquished Creatures (others)
  An orc wizard (D:6)
  31 fungi
  35 plants
67 creatures vanquished.

Grand Total: 501 creatures vanquished

Notes
Turn   | Place    | Note
-------+----------+-------------------------------------------
     0 | D:1      | Tinkle the Minotaur Berserker began the quest for the Orb.
     0 | D:1      | Reached XP level 1. HP: 19/19 MP: 0/0
   217 | D:1      | Reached skill level 4 in Axes
   439 | D:1      | Reached XP level 2. HP: 27/27 MP: 1/1
  1138 | D:1      | Reached XP level 3. HP: 34/34 MP: 2/2
  1626 | D:2      | Noticed Terence
  1654 | D:2      | Killed Terence
  1655 | D:2      | Reached skill level 5 in Fighting
  1655 | D:2      | Reached skill level 5 in Axes
  1655 | D:2      | Reached XP level 4. HP: 42/42 MP: 3/3
  1802 | D:2      | Reached ** piety under Trog
  2137 | D:2      | Found a faded altar of an unknown god.
  2463 | D:2      | Found a runed translucent door.
  2464 | D:2      | Noticed Crazy Yiuf
  2472 | D:2      | Killed Crazy Yiuf
  2473 | D:2      | Reached skill level 6 in Axes
  2473 | D:2      | Reached XP level 5. HP: 26/48 MP: 2/4
  2863 | D:3      | Noticed a water moccasin
  2887 | D:3      | Killed a water moccasin
  2888 | D:3      | Reached skill level 7 in Axes
  2933 | D:3      | Reached XP level 6. HP: 56/56 MP: 5/5
  3802 | D:4      | Reached skill level 8 in Axes
  3920 | D:4      | Reached skill level 9 in Axes
  3948 | D:4      | Reached XP level 7. HP: 45/61 MP: 6/6
  4150 | D:4      | Reached *** piety under Trog
  4245 | D:4      | Reached skill level 10 in Axes
  4355 | D:5      | Entered Level 5 of the Dungeon
  4961 | D:5      | Reached skill level 11 in Axes
  4961 | D:5      | Reached XP level 8. HP: 39/68 MP: 7/7
  5301 | D:5      | Reached skill level 12 in Axes
  5576 | D:6      | Found a broken altar of Ashenzari.
  5606 | D:6      | Reached skill level 13 in Axes
  6247 | D:6      | Killed an unseen horror
  6248 | D:6      | Reached XP level 9. HP: 46/74 MP: 8/8
  6498 | D:6      | Reached skill level 14 in Axes
  6710 | D:6      | Found a large runed translucent door.
  6711 | D:6      | Found a large runed translucent door.
  6716 | D:6      | Noticed Urokeeper's ghost (novice HOFi)
  7136 | D:7      | Reached **** piety under Trog
  7232 | D:7      | Found a bloodstained altar of Trog.
  7271 | D:7      | Reached skill level 15 in Axes
  7297 | D:7      | Found a staircase to the Ecumenical Temple.
  7930 | D:8      | Reached skill level 16 in Axes
  7930 | D:8      | Reached XP level 10. HP: 81/81 MP: 9/9
  8129 | D:8      | Paralysed by a hornet for 2 turns
  8133 | D:8      | Paralysed by a hornet for 2 turns
  8379 | D:8      | Paralysed by a hornet for 1 turns
  8383 | D:8      | Reached skill level 5 in Shields
  8444 | D:8      | Noticed a two-headed ogre
  8451 | D:8      | Killed a two-headed ogre
  9765 | D:9      | Noticed Harold
  9791 | D:9      | Killed Harold
  9961 | D:9      | Noticed Maurice
  9971 | D:9      | Killed Maurice
 10119 | D:9      | Noticed a centaur warrior
 10263 | D:9      | Found an ornate altar of the Wu Jian Council.
 10264 | D:9      | Found a basalt altar of Yredelemnul.
 10265 | D:9      | Found an opulent altar of Gozag.
 10266 | D:9      | Found an ancient bone altar of Kikubaaqudgha.
 10283 | D:9      | Found a staircase to the Lair.
 10360 | D:9      | Reached XP level 11. HP: 91/91 MP: 10/10
 10466 | D:9      | Reached skill level 10 in Shields
 10607 | D:9      | Noticed Erica
 10634 | D:9      | Killed Erica
 10861 | D:9      | Killed a centaur warrior
 10934 | D:10     | Entered Level 10 of the Dungeon
 11057 | D:10     | Reached ***** piety under Trog
 11063 | D:10     | Reached skill level 10 in Fighting
 11167 | D:10     | Noticed a two-headed ogre
 11191 | D:10     | Killed a two-headed ogre
 11624 | D:10     | Found a staircase to the Orcish Mines.
 11699 | D:10     | Noticed a purple ugly thing
 11715 | D:10     | Killed a white ugly thing
 12007 | D:10     | Noticed a two-headed ogre
 12023 | D:10     | Killed a two-headed ogre
 12024 | D:10     | Reached skill level 5 in Armour
 12024 | D:10     | Reached skill level 5 in Dodging
 12024 | D:10     | Reached skill level 1 in Evocations
 14919 | Lair:1   | Entered Level 1 of the Lair of Beasts
 15067 | Lair:1   | Reached XP level 12. HP: 106/106 MP: 11/11
 16054 | Lair:2   | Reached skill level 5 in Evocations
 16300 | Lair:2   | Found a staircase to the Snake Pit.
 16859 | Lair:3   | Reached skill level 17 in Axes
 17014 | Lair:3   | Noticed a six-headed hydra
 17026 | Lair:3   | Killed a six-headed hydra
 17369 | Lair:4   | Found a staircase to the Shoals.
 18017 | Lair:4   | Reached XP level 13. HP: 113/113 MP: 12/12
 18510 | Lair:5   | Received a gift from Trog
 19650 | Lair:5   | Reached skill level 18 in Axes
 21023 | Lair:6   | Entered Level 6 of the Lair of Beasts
 22451 | Lair:6   | Identified the ring "Gaxauzue" {rC+ rN+ rCorr Dex-4 Slay+4}
 22550 | Lair:6   | Reached XP level 14. HP: 124/124 MP: 13/13
 22730 | Lair:6   | Killed from afar by a lindwurm

Illustrated notes

Levels and vault maps discovered:
D:1:      evilmike_arrival_fibonacci_small, layout_basic
D:2:      layout_loops_ring, dreamdust_ecumenical_altar_hidden_monk_grotto,
          uniq_crazy_yiuf_cottage, uniq_terence
D:3:      layout_basic
D:4:      wad_pebble_path, layout_gridville, minivault_14
D:5:      layout_loops_corners
D:6:      layout_rooms, overflow_temple_1_default, ebering_ghost_disaster_area
D:7:      layout_cave_pools, bloody_trog, minmay_temple_entry_ruins
D:8:      wad_river_or_something, layout_cave_pods, serial_park,
          serial_park_square3 [serial_park_minivault_5x5_8], serial_park_tiny_2,
          serial_park_square3 [serial_park_minivault_5x5_4], serial_park_square3
          [serial_park_minivault_5x5_3]
D:9:      layout_roguey, mainiacjoe_overflow_alcove_3, lair_entry_dummy,
          minmay_liquid_box, kennysheep_small_spiral, statue_in_the_mist_lemuel,
          grunt_decor_clamped, lightli_corner_chamber, uniq_harold, uniq_erica,
          uniq_maurice
D:10:     layout_gridville, erik_orc_1, kennysheep_dice
D:11:     minmay_cut_squares, layout_irregular_city, serial_glass,
          glass_columns_a, glass_columns_a, nicolae_vehumet_radiance,
          uniq_fannar
Lair:1:   layout_cave_pods
Lair:2:   layout_hall_layers, dummy_snake_entry, st_stairs_3,
          chequers_serial_rivers_micro_e
Lair:3:   layout_big_grid
Lair:4:   layout_hall_layers, minmay_shoals_entry_lonely_mermaid,
          grunt_megastairs_2
Lair:5:   layout_regular_city, serial_bayou_lagoon_b, serial_bayou_shore_a
Lair:6:   gammafunk_lair_ancient_temple, layout_hall_layers,
          minmay_slime_entry_oklob_open, kennysheep_abandoned_house,
          lemuel_fruit_tree

Skill      XL: |  1  2  3  4  5  6  7  8  9 10 11 12 13 |
---------------+----------------------------------------+-----
Fighting       | 4 5 6 10 11 | 11.8
Axes           | 4 5 6 7 9 11 13 16 17 18 | 18.0
Shields        | 9 10 12 14 | 14.5
Armour         | 5 |  5.0
Dodging        | 5 |  5.0
Evocations     | 3 5 8 |  8.5

Action                   |  1- 3 |  4- 6 |  7- 9 | 10-12 | 13-15 || total
-------------------------+-------+-------+-------+-------+-------++-------
Melee: Hand axe          |    72 |    46 |       |       |    25 ||   143
       Headbutt          |     9 |    25 |    42 |    96 |    68 ||   240
       War axe           |       |    50 |   290 |   314 |       ||   654
       Broad axe         |       |       |       |   155 |   255 ||   410
Throw: Javelin           |     1 |     2 |       |       |       ||     3
       Dart              |       |       |       |     3 |     2 ||     5
Invok: Berserk           |       |       |     2 |     2 |       ||     4
       Trog's Hand       |       |       |     1 |     3 |       ||     4
Evoke: Wand              |       |       |       |    14 |    14 ||    28
       Condenser vane    |       |       |       |       |     1 ||     1
  Use: Scroll            |       |       |     8 |    14 |     4 ||    26
       Potion            |       |       |       |     1 |       ||     1
 Stab: Distracted        |       |       |       |       |     4 ||     4
Armor: Animal skin       |    11 |       |       |       |       ||    11
       Ring mail         |     5 |       |       |       |       ||     5
       Scale mail        |       |    11 |       |       |       ||    11
       Plate armour      |       |    35 |   237 |   157 |    60 ||   489
Dodge: Dodged            |    44 |    46 |    68 |    62 |    33 ||   253
Block: Tower shield      |       |       |       |   375 |   278 ||   653
       Reflection        |       |       |       |     4 |     3 ||     7
